 Dungeon Crawl Stone Soup version 0.26.0-16-gc1dbca0489 (webtiles) character file.

Game seed: 12177343485895319126

1607 thiole the Sneak (level 8, -8/48 (54) HPs)
             Began as an Octopode Hedge Wizard on Jan 22, 2021.
             Was an Initiate of Gozag.
             Mangled by a wight
             ... wielding a +5 falchion
              (9 damage)
             ... on level 6 of the Dungeon.
             The game lasted 00:19:31 (7618 turns).

thiole the Sneak (Octopode Hedge Wizard)            Turns: 7618, Time: 00:19:32

HP:   -8/48 (54)    AC:  3    Str:  9    XL:     8   Next: 95%
MP:   15/24         EV: 14    Int: 18    God:    Gozag
Gold: 255           SH:  0    Dex: 24    Spells: 9/17 levels left

rFire    . . .     SeeInvis .   t - +4 hand axe
rCold    . . .     Faith    .   (no shield)
rNeg     . . .     Spirit   .   b - +2 hat
rPois    .         Reflect  .   (no amulet)
rElec    .         Harm     .   i - ring of flight
rCorr    .         Rampage  .   p - +6 ring of dexterity
Will     .....                  q - +6 ring of dexterity
Stlth    +++++.....             y - ring of magical power
HPRegen  0.16/turn              h - ring of wizardry
MPRegen  0.19/turn              (no ring)
                                (no ring)
                                (no ring)

@: heavily drained
A: almost no armour, stealthy swim, amphibious, 8 rings, constrict 8, camouflage
1, gelatinous body 1
a: Renounce Religion, Evoke Flight, Potion Petition, Call Merchant, Bribe Branch


You were on level 6 of the Dungeon.
You worshipped Gozag.
Gozag was aware of your devotion.
You visited 2 branches of the dungeon, and saw 7 of its levels.

You collected 362 gold pieces.
You paid 107 gold pieces to Gozag.

Inventory:

Hand Weapons
 a - a +0 dagger
 t - a +4 hand axe (weapon)
Armour
 b - a +2 hat (worn)
Jewellery
 h - a ring of wizardry (on tentacle)
 i - a ring of flight (left tentacle)
 p - a +6 ring of dexterity (right tentacle)
 q - a +6 ring of dexterity (on tentacle)
 y - a ring of magical power (on tentacle)
Wands
 d - a wand of random effects (23)
 A - a wand of disintegration (2)
Scrolls
 e - a scroll of teleportation
 f - a scroll of immolation {unknown}
 g - 2 scrolls of fog {unknown}
 k - a scroll of enchant weapon {unknown}
 l - a scroll of enchant armour
 m - 4 scrolls of remove curse
 n - a scroll of random uselessness {unknown}
 C - a scroll of acquirement {unknown}
Potions
 j - 6 potions of brilliance
 r - a potion of invisibility
 s - a potion of degeneration
 u - 3 potions of berserk rage
 v - 2 potions of resistance
 w - a potion of might
 x - a potion of flight
 z - 2 potions of magic
 B - a potion of lignification {unknown}


   Skills:
 + Level 3.8 Fighting
 - Level 2.0 Dodging
 + Level 7.3 Stealth
 + Level 5.2 Spellcasting
 - Level 2.4 Conjurations
 + Level 4.9 Summonings
 - Level 1.0 Translocations
 - Level 5.0 Air Magic


You had 9 spell levels left.
You knew the following spells:

 Your Spells              Type           Power        Failure   Level
a - Magic Dart            Conj           52%          1%          1
b - Call Imp              Summ           22%          1%          2
c - Slow                  Hex            4%           9%          2
d - Mephitic Cloud        Conj/Pois/Air  13%          6%          3

Your spell library contained the following spells:

 Spells                   Type           Power        Failure   Level
 Summon Small Mammal      Summ           88%          1%          1
 Apportation              Tloc           16%          3%          1
 Animate Skeleton         Necr           8%           5%          1
 Corona                   Hex            4%           5%          1
 Blink                    Tloc           N/A          5%          2
 Conjure Flame            Conj/Fire      9%           10%         3


Dungeon Overview and Level Annotations

Branches:
Dungeon (6/15)             Temple (1/1) D:6

Altars:
Ashenzari
Dithmenos
Elyvilon
Fedhas
Gozag
Hepliaklqana
Makhleb
Nemelex Xobeh
Okawaru
Qazlal
Ru
Sif Muna
Trog
Uskayaw
Vehumet
Wu Jian
Xom
Yredelemnul
Zin
The Shining One

Shops:
D:4 =!


Innate Abilities, Weirdness & Mutations

You cannot wear most types of armour.
You are very stealthy in the water. (Stealth+)
You are amphibious.
You can wear up to eight rings at the same time.
You can use your tentacles to constrict eight enemies at once.
Your skin changes colour to match your surroundings (Stealth+).
Your rubbery body absorbs attacks. (AC +1, EV +1)


Message History

Casting: Mephitic Cloud (dangerous; 6% risk of failure)
Confirm with . or Enter, or press ? or * to list all spells.
A beastly little devil appears in a puff of flame.
The wight is no longer distracted by gold.
The wight hits you with a +5 falchion!
* * * LOW HITPOINT WARNING * * *
You feel drained.
* * * LOW HITPOINT WARNING * * *
The wight hits you with a +5 mace.
* * * LOW HITPOINT WARNING * * *
The orc hits you with a +0 hand axe.
* * * LOW HITPOINT WARNING * * *
Unknown command.
Unknown command.
Aiming: Disintegrate
Press: ? - help, Shift-Dir - straight line, f - orc
Aim: an orc, wielding a +0 club (chance to affect: 80%)
The wight struggles to resist.
The wight hits you with a +5 falchion!
You die...
Your body crumbles into a pile of gold.

#...........#
#...........# ..
#..........## #$###
#..........####.....
#####.(........#........
.........###............
.........###....o.$.....
[..[.....[.#..5zzoz.....
#######'##.### #@#
#..#..[[..###.#
#..###.....##.#
####..###..#...#.#
........(..#####.#
.##......#.......#
.#####.#...#######
.......#...#
######...###


You could see 3 wights, 2 orcs and a friendly crimson imp (summoned).

Vanquished Creatures
  Sigmund (D:2)
  An orc warrior (D:6)
  2 ogres
  A gnoll sergeant (D:6)
  3 bullfrogs
  5 wights (D:6)
  2 hounds
  An orc priest (D:4)
  Terence (D:2)
  An iguana (D:5)
  3 worker ants
  6 gnolls
  13 adders
  2 shadow imps (D:5)
  2 white imps
  An ooze (D:2)
  2 worms
  2 dart slugs (D:1)
  A leopard gecko (D:4)
  21 orcs
  3 bats
  3 giant cockroaches
  7 goblins
  9 hobgoblins
  19 jackals
  5 kobolds
  2 quokkas
  A ball python (D:5)
  5 frilled lizards
  A quokka skeleton (D:4)
  A quokka zombie (D:5)
  4 rats
131 creatures vanquished.

Vanquished Creatures (collateral kills)
  A sky beast (D:3)
  An ogre (D:4)
  A wight (D:6)
  An iguana (D:6)
  Robin (D:2)
  A gnoll (D:5)
  An orc (D:6)
  7 goblins (D:2)
  A jackal (D:6)
15 creatures vanquished.

Grand Total: 146 creatures vanquished

Notes
Turn   | Place    | Note
-------+----------+-------------------------------------------
     0 | D:1      | thiole the Octopode Hedge Wizard began the quest for the
                  | Orb.
     0 | D:1      | Reached XP level 1. HP: 11/11 MP: 4/4
   135 | D:1      | Reached XP level 2. HP: 17/17 MP: 1/6
   212 | D:1      | Reached skill level 3 in Stealth
  1131 | D:2      | Reached XP level 3. HP: 21/21 MP: 5/7
  1148 | D:2      | Learned a level 2 spell: Call Imp
  1151 | D:2      | Learned a level 2 spell: Slow
  1155 | D:2      | Learned a level 3 spell: Mephitic Cloud
  1256 | D:2      | Noticed Robin
  1262 | D:2      | Killed Robin
  1425 | D:2      | Noticed Sigmund
  1507 | D:2      | Reached XP level 4. HP: 26/27 MP: 8/8
  2299 | D:3      | Reached XP level 5. HP: 28/31 MP: 4/10
  2418 | D:3      | Reached skill level 1 in Air Magic
  2535 | D:3      | Noticed a sky beast
  2567 | D:3      | Killed a sky beast
  2568 | D:3      | Reached skill level 4 in Stealth
  3032 | D:4      | Noticed an ogre
  3428 | D:2      | Noticed Terence
  3435 | D:2      | Killed Terence
  3436 | D:2      | Reached XP level 6. HP: 36/36 MP: 11/11
  3551 | D:2      | Killed Sigmund
  3552 | D:2      | Reached skill level 1 in Fighting
  3552 | D:2      | Reached skill level 5 in Stealth
  4146 | D:4      | Found Romoc's Jewellery Shoppe.
  4200 | D:4      | Reached XP level 7. HP: 43/43 MP: 9/13
  4525 | D:4      | Found Wiufet's Distillery.
  4829 | D:5      | Entered Level 5 of the Dungeon
  5052 | D:5      | Reached XP level 8. HP: 37/51 MP: 10/14
  5455 | D:5      | Found an ornate altar of the Wu Jian Council.
  5499 | D:5      | Reached skill level 6 in Stealth
  6210 | D:6      | Reached skill level 5 in Air Magic
  6817 | D:6      | Found a staircase to the Ecumenical Temple.
  6832 | D:6      | Reached skill level 5 in Spellcasting
  6838 | Temple   | Entered the Ecumenical Temple
  7033 | Temple   | Became a worshipper of Gozag Ym Sagoz the Greedy
  7079 | D:6      | Found a shimmering altar of Xom.
  7163 | D:6      | Reached skill level 7 in Stealth
  7617 | D:6      | HP: 1/48 [orc/+0 hand axe (4)]
  7618 | D:6      | Mangled by a wight

Illustrated notes

Levels and vault maps discovered:
D:1:      minmay_arrival_up_and_down, layout_basic
D:2:      layout_basic, uniq_terence, uniq_sigmund, uniq_robin
D:3:      layout_basic
D:4:      layout_cave_pools, serial_shops, kennysheep_mini_moat,
          nicolae_shop_stone
D:5:      layout_gridville, grunt_ministairs_10, amcnicky_altar_gilded
D:6:      layout_basic, minmay_temple_entry_arrows, basic_altar
Temple:   regret_index_temple_chain_breaker

Skill      XL: |  1  2  3  4  5  6  7  8 |
---------------+-------------------------+-----
Stealth        | 3 4 5 7 |  7.3
Conjurations   | 2 |  2.4
Summonings     | 2 3 4 |  4.9
Air Magic      | 2 3 4 5 |  5.0
Fighting       | 1 2 3 |  3.8
Spellcasting   | 4 5 |  5.2
Dodging        | |  2.0
Translocations | |  1.0

Action                   |  1- 3 |  4- 6 |  7- 9 || total
-------------------------+-------+-------+-------++-------
Melee: Dagger            |    28 |    40 |       ||    68
       Constrict         |     9 |    14 |    34 ||    57
       Tentacles         |     7 |     8 |    31 ||    46
       Hand axe          |       |    10 |   129 ||   139
 Cast: Magic Dart        |    50 |    80 |    77 ||   207
       Call Imp          |     1 |     4 |    20 ||    25
       Mephitic Cloud    |       |       |     9 ||     9
       Slow              |       |       |     3 ||     3
Evoke: Wand              |       |       |     1 ||     1
  Use: Scroll            |     1 |     2 |    12 ||    15
       Potion            |       |     4 |     3 ||     7
 Stab: Sleeping          |     1 |     1 |     3 ||     5
       Distracted        |       |     1 |     5 ||     6
       Confused          |       |       |     6 ||     6
Armor: Skin              |     5 |     1 |     5 ||    11
Dodge: Dodged            |    28 |    29 |    99 ||   156
